 Dungeon Crawl Stone Soup version 0.27-a0-1122-g2a214b436d (console) character file.

Game seed: 11546392424828950521

26 Gather the Insei (level 3, -3/23 HPs)
             Began as an Octopode Transmuter on May 3, 2021.
             Slain by Sigmund
             ... wielding a +2 scythe of protection
              (13 damage)
             ... on level 3 of the Dungeon.
             The game lasted 00:07:06 (2004 turns).

Gather the Insei (Octopode Transmuter)              Turns: 2004, Time: 00:07:07

Health: -3/23      AC:  1    Str:  9    XL:     3   Next: 8%
Magic:  6/6        EV: 13    Int: 15    God:
Gold:   32         SH:  0    Dex: 13    Spells: 0/6 levels left

rFire    . . .     SeeInvis .     - Unarmed
rCold    . . .     Faith    .   (no shield)
rNeg     . . .     Spirit   .   (helmet restricted)
rPois    .         Reflect  .   (no amulet)
rElec    .         Harm     .   (no ring)
rCorr    .         Rampage  .   (no ring)
Will     .....                  (no ring)
Stlth    ++........             (no ring)
HPRegen  0.07/turn              (no ring)
MPRegen  0.10/turn              (no ring)
                                (no ring)
                                (no ring)

@: confused, mighty, flying
A: almost no armour, amphibious, 8 rings, camouflage 1, gelatinous body 1,
(nimble swimmer 1), tentacles
a: no special abilities


You were on level 3 of the Dungeon.
You visited 1 branch of the dungeon, and saw 3 of its levels.

You collected 32 gold pieces.

Inventory:

Hand Weapons
 d - a +0 dagger
 o - a +0 hunting sling
Missiles
 b - 60 bolts
 c - 18 arrows
 f - 72 stones
 n - 42 poisoned darts (quivered)
Jewellery
 l - an amulet of regeneration
Scrolls
 e - a scroll of noise {unknown}
 g - 2 scrolls of identify {unknown}
 h - a scroll of teleportation {unknown}
 i - 2 scrolls of enchant armour {unknown}
 j - 2 scrolls of magic mapping {unknown}
Potions
 p - a potion of degeneration {unknown}


   Skills:
 - Level 1.0 Fighting
 - Level 2.6 Dodging
 - Level 0.5 Stealth
 - Level 3.4 Unarmed Combat
 - Level 2.0 Spellcasting
 - Level 2.1 Transmutations
 + Level 0.5 Poison Magic


You couldn't memorise any spells.
You knew the following spells:

 Your Spells              Type           Power      Damage    Failure   Level
a - Beastly Appendage     Tmut           14%        N/A       10%         1
s - Spider Form           Tmut/Pois      2%         N/A       36%         3
w - Wereblood             Tmut           7%         N/A       14%         2

Your spell library contained the following spells:

 Spells                   Type           Power      Damage    Failure   Level
 Animate Skeleton         Necr           2%         N/A       22%         1
 Freeze                   Ice            4%         1d3       22%         1
 Pain                     Necr           4%         1d4       22%         1
 Sandblast                Erth           2%         2d4       22%         1
 Vampiric Draining        Necr           0%         2d6       54%         3
 Ice Form                 Ice/Tmut       4%         N/A       82%         4
 Animate Dead             Necr           0%         N/A       91%         4
 Leda's Liquefaction      Hex/Erth       0%         N/A       91%         4
 Summon Ice Beast         Ice/Summ       1%         N/A       91%         4
 Hydra Form               Tmut           3%         N/A       95%         5
 Agony                    Necr           1%         N/A       99%         5


Dungeon Overview and Level Annotations

Branches:
Dungeon (3/15)

Altars:
Nemelex Xobeh

Annotations:
D:3 Sigmund


Innate Abilities, Weirdness & Mutations

You cannot wear most types of armour.
You are amphibious.
You can wear up to eight rings at the same time.
Your skin changes colour to match your surroundings (Stealth+).
Your rubbery body absorbs attacks. (AC +1, EV +1)
((You are camouflaged near water. (Stealth+)))
You have tentacles for arms and can constrict up to eight enemies at once.


Message History

You squeeze the bat.
You kill the bat!
You see here a bat corpse.
Your tentacle spike disappears.
n - 42 poisoned darts (gained 20)
Okay, then.
j - 2 scrolls labelled YSMIQA VAENIDD (gained 1)
Found a stone staircase leading down. 2 gnolls come into view.
As you open the door, it creaks loudly!
You fall into a shaft and drop 1 floor!
The shaft crumbles and collapses.
Sigmund the Dreaded comes into view.
He is wielding a +2 scythe of protection.
Sigmund shouts!
Sigmund casts a spell at you.
You are confused.
Found a stone staircase leading up.
Sigmund gestures at you while chanting. You resist with significant effort.
You bump into the rock wall.
Sigmund drinks a potion.
Sigmund seems to speed up.
It was a potion of flight.
You feel very buoyant.
You fly up into the air.
It was a potion of might.
You feel very mighty all of a sudden.
It was a potion of curing.
You feel better.
Sigmund hits you from afar with a +2 scythe of protection.
Sigmund casts a spell at you.
You are confused.
Sigmund screams, "Don't try to resist!"
You bump into the rock wall.
Sigmund hits you from afar with a +2 scythe of protection.
You bump into the rock wall.
Sigmund points at you and mumbles some strange words.
The puff of flame hits you.
You bump into the rock wall.
Sigmund misses you. Sigmund barely misses you.
You bump into the rock wall.
Sigmund hits you from afar with a +2 scythe of protection!
Ouch! That really hurt!
You die...

### ..# #.#
#.###.##
#......#
...######..#
..........@#
#...######.#
# #@# #<#
#.# ..# ###


You could see Sigmund (fast).

Vanquished Creatures
  2 dart slugs
  A bat (D:2)
  3 endoplasms
  A giant cockroach (D:1)
  5 goblins
  3 kobolds
  A ball python (D:1)
  A frilled lizard (D:1)
  4 rats (D:1)
21 creatures vanquished.

Vanquished Creatures (others)
  2 plants (D:1)
  3 withered plants (D:1)
5 creatures vanquished.

Grand Total: 26 creatures vanquished

Notes
Turn   | Place    | Note
-------+----------+-------------------------------------------
     0 | D:1      | Gather the Octopode Transmuter began the quest for the Orb.
     0 | D:1      | Reached XP level 1. HP: 13/13 MP: 3/3
   509 | D:1      | Reached XP level 2. HP: 17/18 MP: 3/5
   544 | D:1      | Found a faded altar of an unknown god.
   800 | D:1      | Identified the Collected Works on Clay and the Snowflakes
   805 | D:1      | Learned a level 2 spell: Wereblood
  1674 | D:2      | Reached XP level 3. HP: 19/23 MP: 6/6
  1682 | D:2      | Learned a level 3 spell: Spider Form
  1990 | D:2      | Found a sparkling altar of Nemelex Xobeh.
  1990 | D:2      | You fall into a shaft and drop 1 floor!
  1990 | D:3      | Noticed Sigmund
  2004 | D:3      | Slain by Sigmund

Illustrated notes

Levels and vault maps discovered:
D:1:      scummos_arrival_hexagon, layout_loops_ring,
          shapermc_ecumenical_altar_flowoftime
D:2:      layout_rooms, kennysheep_flooded_box
D:3:      layout_loops_ring, uniq_grinder, uniq_sigmund

Action                   || total
-------------------------++-------
Melee: Unarmed           ||    71
       Constrict         ||    17
       Kick              ||    14
       Tentacles         ||    14
       Punch             ||     1
 Cast: Beastly Appendage ||    18
  Use: Potion            ||     3
 Stab: Sleeping          ||     5
Armor: Skin              ||     3
Dodge: Dodged            ||    20

Table legend: (Time is in decaauts)
 A = Elapsed time spent in this place.
 B = Non-inter-level travel time spent in this place.
 C = Inter-level travel time spent in this place.
 D = Time resting spent in this place.
 E = Time spent auto-exploring this place.
 F = Levels seen in this place.
 G = Mean time per level.
                   A        B        C        D        E       F      G
               +--------+--------+--------+--------+--------+-----+--------+
         Total |   2001 |   1970 |     31 |    550 |   1077 |   3 |  667.0 |
       Dungeon |   2001 |   1970 |     31 |    550 |   1077 |   3 |  667.0 |
               +--------+--------+--------+--------+--------+-----+--------+

Top non-repeatable levels by time:
     D:1: 1615 daAuts
     D:2: 372 daAuts
     D:3: 13 daAuts
